 Dungeon Crawl Stone Soup version 0.29-a0-397-g846e4a0bbc (webtiles) character file.

Game seed: 18091968990136170301

326 Bruhh the Insei (level 6, -6/47 HPs)
             Began as a Merfolk Transmuter on May 11, 2022.
             Mangled by a steam dragon (9 damage)
             ... on level 4 of the Dungeon.
             The game lasted 00:05:11 (5197 turns).

Bruhh the Insei (Merfolk Transmuter)                Turns: 5197, Time: 00:05:16

Health: -6/47      AC:  2    Str: 10    XL:     6   Next: 49%
Magic:  5/9        EV: 20    Int: 21    God:
Gold:   149        SH:  0    Dex: 19    Spells: 3/9 levels left

rFire   . . .      SeeInvis .     - Unarmed
rCold   . . .      Faith    .   (shield currently unavailable)
rNeg    . . .      Spirit   .   (body armour currently unavailable)
rPois   x          Reflect  .   (helmet currently unavailable)
rElec   .          Harm     .   (cloak currently unavailable)
rCorr   .          Rampage  .   (gloves currently unavailable)
Will    .....                   (boots currently unavailable)
Stlth   ++........              (no amulet)
HPRegen 0.15/turn               e - ring of wizardry
MPRegen 0.11/turn               h - +6 ring of intelligence

@: spider-form, wereblooded
A: venomous fangs, tiny, (nimble swimmer 2), (mertail)
a: End Transformation


You were on level 4 of the Dungeon.
You were a venomous arachnid creature.
You visited 1 branch of the dungeon, and saw 4 of its levels.

You collected 149 gold pieces.

Inventory:

Missiles
 k - 7 poisoned darts
Armour
 a - a +0 robe (melded)
 q - a +0 cloak (melded)
Jewellery
 e - a ring of wizardry (left front leg)
 h - a +6 ring of intelligence (right front leg)
 j - a ring of wizardry
Wands
 n - a wand of iceblast (10)
Scrolls
 b - a scroll of magic mapping {unknown}
 d - a scroll of enchant weapon {unknown}
 f - 6 scrolls of identify {unknown}
 i - a scroll of blinking {unknown}
 m - 2 scrolls of fog {unknown}
 o - a scroll of vulnerability {unknown}
Potions
 c - 2 potions of degeneration {unknown}
 g - 8 potions of curing {unknown}
 l - 2 potions of flight {unknown}
 p - 2 potions of heal wounds {unknown}


   Skills:
 + Level 3.3 Fighting
 - Level 2.6 Dodging
 + Level 6.0 Unarmed Combat
 - Level 2.0 Spellcasting
 - Level 5.0 Transmutations


You had 3 spell levels left.
You knew the following spells:

 Your Spells              Type           Power      Damage    Failure   Level
a - Beastly Appendage     Tmut           46%        N/A       3%          1
b - Wereblood             Tmut           23%        N/A       4%          2
c - Spider Form           Tmut/Pois      12%        N/A       14%         3

Your spell library contained the following spells:

 Spells                   Type           Power      Damage    Failure   Level
 Ice Form                 Ice/Tmut       12%        N/A       34%         4


Dungeon Overview and Level Annotations

Branches:
Dungeon (4/15)
 Temple: D:4-7

Altars:
Okawaru

Shops:
D:3 [


Innate Abilities, Weirdness & Mutations

You are a venomous arachnid creature.
You have poisonous fangs.
You are tiny and dextrous.
Your spellcasting is less reliable in this form.
Your armour is entirely melded.
You are incapable of wielding weapons or throwing items.
((You are very nimble when in or above water. (Stealth+, EV+, Speed+++)))
((Your lower body shifts to a powerful aquatic tail in water.))


Message History

A steam dragon is nearby!
Casting: Wereblood (safe; 1% risk of failure)
Confirm with . or Enter, or press ? or * to list all spells.
Okay, then.
Casting: Wereblood (safe; 1% risk of failure)
Confirm with . or Enter, or press ? or * to list all spells.
You turn into a venomous arachnid creature.
Your +0 cloak melds into your body.
Your +0 robe melds into your body.
Casting: Spider Form (dangerous; 14% risk of failure)
Confirm with . or Enter, or press ? or * to list all spells.
Your blood is infused with primal strength.
You hit the steam dragon.
The steam dragon is poisoned.
The steam dragon is lightly wounded.
You hit the steam dragon.
The steam dragon is lightly wounded.
The steam dragon bites you! The steam dragon claws you.
You hit the steam dragon but do no damage.
The steam dragon is moderately wounded.
The steam dragon breathes steam at you. The ball of steam misses you.
You hear a shout!
You hit the steam dragon.
The steam dragon looks as sick as possible!
The steam dragon is moderately wounded.
You are engulfed in a cloud of scalding steam.
The steam dragon barely misses you. x2
You hit the steam dragon.
The steam dragon looks as sick as possible!
The steam dragon is heavily wounded.
You are engulfed in a cloud of scalding steam.
The steam dragon misses you. x2
You are engulfed in a cloud of scalding steam.
The steam dragon misses you. The steam dragon claws you.
You bite the steam dragon!
The steam dragon looks as sick as possible!
The steam dragon is severely wounded.
You are engulfed in a cloud of scalding steam.
* * * LOW HITPOINT WARNING * * *
The steam dragon bites you!
You die...

...........
.$........
..........
.........#########
.........+.......#
..D......#.......#
.........#.......#
####D##.......#
#...s.<.......#
#....##.......#
#..§.##.......#
#.§...........#
#.............#
#.............#
#.............#
##########'#####
#..............#


You could see a steam dragon (extremely poisoned).

Vanquished Creatures
  Sigmund (D:2)
  Jessica (D:2)
  Crazy Yiuf (D:3)
  A gnoll (D:1)
  4 adders
  3 worms (D:2)
  A dart slug (D:1)
  2 endoplasms (D:2)
  2 giant cockroaches
  8 goblins
  7 hobgoblins
  3 jackals (D:2)
  A quokka (D:1)
  11 ball pythons
  6 bats
  4 frilled lizards
  5 kobolds
  6 rats
67 creatures vanquished.

Vanquished Creatures (others)
  A fungus (D:3)
1 creature vanquished.

Grand Total: 68 creatures vanquished

Notes
Turn   | Place    | Note
-------+----------+-------------------------------------------
     0 | D:1      | Bruhh the Merfolk Transmuter began the quest for the Orb.
     0 | D:1      | Reached XP level 1. HP: 15/15 MP: 3/3
   303 | D:1      | Reached XP level 2. HP: 21/21 MP: 3/5
   774 | D:1      | Reached XP level 3. HP: 22/26 MP: 4/6
   960 | D:1      | Reached skill level 4 in Unarmed Combat
  1085 | D:1      | Learned a level 2 spell: Wereblood
  1089 | D:1      | Learned a level 3 spell: Spider Form
  2333 | D:2      | Reached XP level 4. HP: 5/32 MP: 5/7
  2992 | D:2      | Noticed Sigmund
  2999 | D:2      | Killed Sigmund
  3000 | D:2      | Reached skill level 5 in Unarmed Combat
  3000 | D:2      | Reached skill level 5 in Transmutations
  3000 | D:2      | Reached XP level 5. HP: 26/39 MP: 2/8
  3000 | D:2      | Reached XP level 6. HP: 31/46 MP: 2/9
  3103 | D:2      | Noticed Jessica
  3108 | D:2      | Killed Jessica
  4017 | D:3      | Found Ruiq's Antique Armour Boutique.
  4677 | D:3      | Found a runed translucent door.
  4678 | D:3      | Noticed Crazy Yiuf
  4695 | D:3      | Found an iron altar of Okawaru.
  4978 | D:3      | Killed Crazy Yiuf
  4979 | D:3      | Reached skill level 6 in Unarmed Combat
  5185 | D:4      | Noticed a steam dragon
  5197 | D:4      | Mangled by a steam dragon

Illustrated notes

Levels and vault maps discovered:
D:1:      lightli_arrival_maybe_door_vault, layout_basic,
          minmay_misc_feat_cross, chequers_mini_garden
D:2:      layout_loops_corners, uniq_sigmund, uniq_jessica
D:3:      layout_basic, mainiacjoe_overflow_boulevard, serial_shops, shop,
          uniq_crazy_yiuf_cottage
D:4:      layout_gridville, fedhas_altar_4, mainiacjoe_overflow_small_starburst

Skill      XL: |  1  2  3  4  5  6 |
---------------+-------------------+-----
Transmutations | 3 4 5 |  5.0
Unarmed Combat | 4 5 6 |  6.0
Fighting       | 2 3 |  3.3
Dodging        | |  2.6
Spellcasting   | |  2.0

Action                   |  1- 3 |  4- 6 || total
-------------------------+-------+-------++-------
Melee: Unarmed           |    96 |   102 ||   198
       Headbutt          |    12 |     1 ||    13
       Punch             |     6 |     3 ||     9
 Cast: Beastly Appendage |    23 |     2 ||    25
       Wereblood         |     1 |     8 ||     9
       Spider Form       |       |    12 ||    12
  Use: Potion            |     1 |       ||     1
 Stab: Sleeping          |       |     1 ||     1
Armor: Skin              |     8 |       ||     8
       Robe              |     8 |    11 ||    19
Dodge: Dodged            |    74 |    57 ||   131

Table legend: (Time is in decaauts)
 A = Elapsed time spent in this place.
 B = Non-inter-level travel time spent in this place.
 C = Inter-level travel time spent in this place.
 D = Time resting spent in this place.
 E = Time spent auto-exploring this place.
 F = Levels seen in this place.
 G = Mean time per level.
                   A        B        C        D        E       F      G
               +--------+--------+--------+--------+--------+-----+--------+
         Total |   5177 |   5055 |    122 |      0 |   4488 |   4 | 1294.2 |
       Dungeon |   5177 |   5055 |    122 |      0 |   4488 |   4 | 1294.2 |
               +--------+--------+--------+--------+--------+-----+--------+

Top non-repeatable levels by time:
     D:1: 1849 daAuts
     D:2: 1708 daAuts
     D:3: 1571 daAuts
     D:4: 48 daAuts
